Map: [ESL] Hard Lead

Players

Creator - Winner!

  • Race: Protoss Protoss
  • Spawn Location: 11:00

Lambo

  • Race: Zerg Zerg
  • Spawn Location: 5:00

Event: IEM Katowice 2024

VOD

Have the link to the VOD?

Description

Time

  • Played on: Dec. 9, 2023, 8:56 p.m.
  • Length: 12:21

All games in this series

Show
View Real Time Build Order
Export as new Build Order

Creator Protoss - Winner!

Build Orders: 1 Gate Expand, Phoenix Opening, Archon Immortal, Mass Phoenix 

Get SALT Encoding   

  12  0:00  Probe  
  13  0:14  Pylon  
  13  0:17  Probe (Chrono Boost)  
  14  0:27  Probe (Chrono Boost)  
  15  0:32  Probe (Chrono Boost)  
  16  0:39  Gateway  
  16  0:43  Probe  
  16  0:48  Assimilator  
  17  0:56  Probe  
  18  1:08  Probe  
  19  1:20  Probe  
  20  1:27  Nexus  
  20  1:35  Cybernetics Core  
  20  1:36  Probe  
  21  1:41  Assimilator  
  21  1:49  Probe  
  21  1:52  Pylon  
  22  2:01  Probe  
  23  2:09  Adept (Chrono Boost)  
  23  2:13  Probe  
  26  2:22  Warp Gate  
  26  2:25  Probe  
  26  2:29  Stalker (Chrono Boost)  
  29  2:39  Probe (Chrono Boost)  
  29  2:42  Probe (Chrono Boost)  
  31  2:49  Probe (Chrono Boost)  
  33  2:51  Probe (Chrono Boost)  
  33  2:54  Probe (Chrono Boost)  
  34  3:01  Probe  
  35  3:06  Probe  
  35  3:07  Gateway  
  35  3:08  Stargate  
  35  3:12  Stargate  
  36  3:13  Probe  
  36  3:15  Adept  
  36  3:18  Probe  
  40  3:25  Probe  
  41  3:28  Pylon  
  41  3:30  Probe  
  42  3:37  Probe  
  43  3:42  Probe  
  43  3:43  Pylon  
  43  3:44  Assimilator  
  44  3:50  Probe  
  44  3:51  Phoenix (Chrono Boost)  
  44  3:54  Probe  
  48  3:58  Pylon  
  48  4:02  Phoenix (Chrono Boost), Probe  
  51  4:03  Assimilator  
  51  4:06  Probe  
  54  4:11  Zealot  
  54  4:12  Zealot  
  54  4:15  Phoenix (Chrono Boost), Probe  
  59  4:17  Pylon  
  59  4:18  Probe  
  59  4:21  Phoenix (Chrono Boost)  
  62  4:33  Phoenix  
  62  4:36  Pylon  
  64  4:46  Nexus  
  66  4:55  Shield Battery  
  66  4:56  Phoenix (Chrono Boost)  
  66  4:57  Phoenix (Chrono Boost)  
  68  5:02  Probe x2  
  70  5:08  Sentry  
  70  5:12  Zealot  
  70  5:14  Phoenix  
  76  5:17  Phoenix  
  76  5:19  Probe x2  
  80  5:31  Robotics Facility, Probe x2  
  80  5:34  Pylon  
  82  5:37  Forge  
  82  5:43  Probe x2 (Chrono Boost)  
  82  5:48  Pylon  
  84  5:50  Pylon  
  84  5:55  Probe x2 (Chrono Boost)  
  86  6:00  Probe x3 (Chrono Boost)  
  89  6:08  Robotics Facility  
  89  6:09  Probe x2  
  89  6:10  Probe  
  92  6:12  Protoss Ground Weapons Level 1  
  92  6:13  Assimilator  
  92  6:15  Assimilator, Twilight Council  
  92  6:20  Immortal  
  92  6:21  Probe  
  97  6:33  Probe x3  
  97  6:35  Pylon  
  98  6:55  Charge  
  98  6:56  Templar Archives, Immortal x2 (Chrono Boost)  
  98  6:58  Gateway  
  98  7:00  Gateway  
  106  7:01  Pylon  
  106  7:02  Gateway  
  106  7:03  Probe x3  
  106  7:04  Photon Cannon  
  106  7:08  Sentry, Zealot  
  113  7:25  Immortal (Chrono Boost), Shield Battery  
  113  7:27  Photon Cannon  
  121  7:30  Shield Battery  
  121  7:36  High Templar x2  
  125  7:38  Immortal (Chrono Boost)  
  125  7:41  Photon Cannon, Pylon  
  125  7:44  Archon  
  125  7:46  Photon Cannon  
  125  7:48  Shield Battery  
  120  7:51  Shield Battery  
  120  7:54  Sentry  
  120  7:55  Stalker  
  128  8:01  Immortal (Chrono Boost)  
  128  8:06  Sentry  
  128  8:08  Immortal (Chrono Boost)  
  134  8:14  High Templar, Zealot  
  142  8:27  Pylon  
  142  8:28  Pylon  
  142  8:32  Pylon  
  142  8:34  Immortal x2 (Chrono Boost), Pylon  
  142  8:36  High Templar  
  146  9:02  Stalker  
  140  9:05  Zealot x2  
  140  9:06  Zealot, Psionic Storm, Immortal x2  
  147  9:10  Stalker  
  149  9:17  Archon  
  149  9:25  High Templar  
  149  9:26  High Templar  
  149  9:27  Zealot x2  
  149  9:30  Gateway, Shield Battery  
  157  9:32  Archon  
  152  9:45  Immortal  
  141  9:46  Immortal  
  141  9:47  Zealot  
  141  9:51  Zealot x2  
  138  10:05  Zealot x2  
  126  10:13  Probe x3  
  123  10:16  High Templar x3  
  123  10:18  Gateway  
  123  10:19  Gateway  
  123  10:20  Archon  
  129  10:24  Observer  
  130  10:28  High Templar  
  130  10:30  Zealot x2, Warp Prism, Pylon  
  130  10:32  Pylon  
  138  10:36  Probe x2  
  138  10:37  Probe  
  138  10:42  Photon Cannon  
  141  10:45  Pylon  
  141  10:49  Pylon  
  141  10:57  High Templar x2  
  145  11:05  Photon Cannon  
  145  11:06  High Templar x2, Immortal (Chrono Boost), Shield Battery  
  153  11:18  Nexus  
  153  11:20  Immortal (Chrono Boost)  
  157  11:27  Sentry  
  157  11:28  Stalker  
  157  11:31  Sentry, Stalker  
  165  11:36  Stalker  
  165  11:38  Zealot  
  169  11:44  Stalker x2  
  169  11:55  Zealot x3  
  169  11:56  Zealot  
  177  12:02  Archon  
  177  12:04  Zealot x2  
  173  12:10  Zealot x2  
  167  12:19  Stalker x3  
Show
View Real Time Build Order
Export as new Build Order

Lambo Zerg 

Build Orders: Hatch First 

Get SALT Encoding   

  12  0:00  Drone  
  13  0:12  Overlord  
  13  0:17  Drone  
  14  0:31  Drone x2  
  16  0:37  Drone  
  17  0:51  Hatchery  
  17  0:54  Drone  
  17  0:57  Drone  
  18  1:07  Extractor  
  17  1:11  Spawning Pool  
  17  1:15  Drone  
  17  1:17  Drone  
  18  1:27  Drone  
  19  1:39  Drone  
  20  1:50  Overlord  
  20  1:58  Queen  
  22  2:02  Queen  
  22  2:03  Zergling x2, Drone  
  22  2:07  Metabolic Boost  
  26  2:10  Zergling x2  
  26  2:13  Drone  
  28  2:22  Drone  
  29  2:25  Drone  
  30  2:32  Drone  
  31  2:39  Hatchery  
  32  2:46  Overlord  
  32  2:51  Drone  
  32  2:55  Drone  
  32  2:58  Queen  
  32  3:02  Drone x2  
  36  3:05  Queen  
  36  3:07  Overlord  
  36  3:10  Drone  
  36  3:12  Drone  
  40  3:13  Drone  
  40  3:15  Zergling x2  
  40  3:18  Drone  
  40  3:19  Drone  
  44  3:24  Overlord  
  44  3:27  Drone  
  45  3:31  Drone  
  45  3:33  Drone  
  47  3:37  Queen  
  47  3:40  Zergling x2  
  50  3:43  Queen  
  50  3:46  Drone  
  53  3:48  Roach Warren  
  53  3:50  Drone  
  53  3:55  Drone  
  53  3:58  Drone x2  
  53  4:00  Drone x2  
  53  4:02  Zergling x4  
  60  4:07  Drone  
  60  4:08  Spore Crawler  
  60  4:10  Spore Crawler  
  60  4:14  Drone  
  60  4:15  Zergling x2  
  60  4:16  Zergling x2  
  62  4:18  Overlord  
  62  4:21  Zergling x4  
  62  4:22  Zergling x2  
  62  4:24  Overlord  
  65  4:30  Overlord  
  65  4:33  Overlord  
  65  4:36  Queen  
  65  4:37  Overlord  
  67  4:41  Drone x2  
  67  4:45  Drone x3  
  71  4:46  Drone  
  71  4:48  Extractor  
  71  4:49  Drone x2  
  74  4:53  Lair  
  74  4:54  Roach  
  74  4:57  Drone x2  
  78  5:00  Overlord  
  78  5:02  Roach  
  78  5:04  Overlord  
  80  5:08  Spore Crawler  
  80  5:11  Drone x4  
  80  5:14  Spore Crawler  
  82  5:16  Drone x2  
  82  5:17  Drone x2  
  82  5:19  Drone  
  82  5:20  Drone  
  88  5:28  Drone x7  
  93  5:33  Drone x2  
  97  5:36  Evolution Chamber  
  97  5:40  Drone x4  
  98  5:43  Drone  
  98  5:46  Drone  
  98  5:47  Extractor x2  
  98  5:48  Extractor x2  
  96  5:52  Spore Crawler  
  96  5:53  Drone x2  
  96  5:54  Queen, Hydralisk Den  
  96  5:55  Queen  
  100  5:57  Queen  
  98  6:04  Drone x5  
  98  6:08  Zerg Missile Weapons Level 1, Overlord  
  98  6:10  Overlord  
  103  6:13  Overlord  
  103  6:14  Overlord  
  103  6:18  Overlord  
  103  6:19  Overlord  
  100  6:35  Queen x2  
  104  6:44  Drone x3  
  104  6:45  Overlord  
  101  6:49  Roach x8  
  101  6:52  Nydus Network  
  116  6:58  Roach x3  
  126  7:01  Roach x2  
  126  7:06  Roach x2  
  130  7:09  Roach x2  
  130  7:15  Glial Reconstitution, Overlord  
  134  7:22  Zergling x4  
  138  7:23  Roach x4  
  138  7:28  Nydus Canal  
  144  7:31  Ravager x3  
  144  7:32  Overlord  
  144  7:33  Overlord  
  144  7:34  Roach  
  144  7:35  Roach  
  144  7:36  Overlord  
  150  7:39  Roach  
  154  7:44  Roach x3  
  158  7:52  Nydus Canal  
  158  7:53  Zergling x12  
  158  7:58  Zergling x8  
  168  8:00  Ravager x3  
  168  8:03  Zergling x6  
  168  8:05  Ravager  
  173  8:08  Zergling x6  
  173  8:10  Ravager  
  172  8:17  Zergling x8  
  172  8:18  Nydus Canal  
  176  8:24  Zergling x2  
  176  8:25  Zergling x4  
  175  8:34  Zergling x12  
  181  8:43  Ravager x2  
  181  8:45  Roach x2  
  185  8:50  Overlord  
  185  8:51  Overlord  
  172  8:59  Zergling x12  
  172  9:01  Overlord  
  165  9:09  Zergling x6  
  160  9:12  Nydus Canal  
  160  9:13  Queen  
  160  9:14  Ravager x8  
  160  9:16  Roach x2  
  174  9:17  Queen x2  
  178  9:25  Roach x3  
  184  9:32  Roach x3  
  168  9:47  Roach  
  168  9:48  Roach x5  
  154  10:03  Roach x9  
  133  10:07  Zergling x2  
  133  10:11  Zergling x2  
  105  10:15  Muscular Augments  
  105  10:20  Hydralisk x3  
  111  10:26  Hydralisk  
  113  10:32  Hydralisk x2  
  117  10:36  Hydralisk  
  117  10:38  Ravager  
  117  10:40  Ravager  
  121  10:43  Hydralisk, Hatchery  
  121  10:45  Zergling x8  
  126  10:50  Drone x3  
  126  10:53  Hydralisk x2  
  126  10:57  Hydralisk  
  130  10:59  Hydralisk  
  134  11:07  Drone  
  134  11:08  Drone  
  134  11:09  Ravager  
  134  11:10  Zergling x8  
  141  11:14  Hydralisk x2  
  145  11:18  Hydralisk  
  145  11:19  Grooved Spines  
  147  11:26  Hydralisk x3  
  147  11:28  Drone x2  
  147  11:30  Hydralisk  
  157  11:35  Zergling x6  
  157  11:36  Ravager  
  157  11:38  Overlord  
  160  11:42  Ravager  
  160  11:43  Zergling x2  
  160  11:44  Zergling x4  
  158  11:53  Zergling x6  
  152  11:57  Ravager x2  

Tags
 
Add a new tag
Caveats
  • Supply blocks, unpowered buildings, or Contaminate may cause inaccurate times.
  • Supply counts are checked every 10 seconds.